 Dungeon Crawl Stone Soup version 0.27-a0-1188-g73eefd5def (webtiles) character file.

Game seed: 11705081928400898803

581 bisexualwizard the Cleaver (level 7, 0/58 HPs)
             Began as a Hill Orc Abyssal Knight on May 21, 2021.
             Was a Believer of Lugonu.
             Succumbed to a scorpion's poison
             ... on level 4 of the Dungeon.
             The game lasted 00:07:45 (5675 turns).

bisexualwizard the Cleaver (HOAK)                   Turns: 5675, Time: 00:07:46

Health: 0/58       AC:  5    Str: 17    XL:     7   Next: 36%
Magic:  9/9        EV: 10    Int: 12    God:    Lugonu [**....]
Gold:   298        SH:  5    Dex: 10    Spells: 4/6 levels left

rFire    . . .     SeeInvis .   l - +0 war axe
rCold    . . .     Faith    .   (no shield)
rNeg     . . .     Spirit   .   g - +0 ring mail
rPois    .         Reflect  +   (no helmet)
rElec    .         Harm     .   (no cloak)
rCorr    +         Rampage  .   (no gloves)
Will     .....                  (no boots)
Stlth    ..........             k - amulet of reflection
HPRegen  0.19/turn              c - ring of resist corrosion
MPRegen  0.11/turn              (no ring)

@: lethally poisoned (0 -> -18), attractive
A: no striking features
a: Renounce Religion, Depart the Abyss, Bend Space


You were on level 4 of the Dungeon.
You worshipped Lugonu.
Lugonu was pleased with you.
You visited 2 branches of the dungeon, and saw 6 of its levels.
You visited the Abyss 1 time.

You collected 298 gold pieces.

Inventory:

Hand Weapons
 a - a +1 hand axe
 l - a +0 war axe (weapon)
Armour
 b - a +0 leather armour
 g - a +0 ring mail (worn)
Jewellery
 c - a ring of resist corrosion (left hand)
 f - a ring of fire
 k - an amulet of reflection (around neck)
Scrolls
 d - a scroll of fog {unknown}
 j - 2 scrolls of torment {unknown}
 n - a scroll of enchant weapon {unknown}
 p - a scroll of enchant armour {unknown}
Potions
 h - a potion of heal wounds {unknown}


   Skills:
 - Level 3.7 Fighting
 * Level 8.9 Axes
 + Level 4.0 Armour
 - Level 0.7 Dodging
 - Level 0.1 Stealth
 * Level 3.9 Invocations


You had 4 spell levels left.
You knew the following spells:

 Your Spells              Type           Power      Damage    Failure   Level
a - Corpse Rot            Necr/Air       N/A        N/A       65%         2

Your spell library contained the following spells:

 Spells                   Type           Power      Damage    Failure   Level
 Corona                   Hex            0%         N/A       50%         1
 Magic Dart               Conj           0%         1d3       50%         1
 Sting                    Tmut/Pois      0%         1d3       50%         1
 Blink                    Tloc           N/A        N/A       65%         2
 Call Imp                 Summ           0%         N/A       65%         2
 Ensorcelled Hibernation  Hex/Ice        0%         N/A       65%         2
 Poisonous Vapours        Pois/Air       0%         N/A       65%         2
 Slow                     Hex            0%         N/A       65%         2
 Confusing Touch          Hex            0%         N/A       86%         3
 Conjure Flame            Conj/Fire      0%         6-21      86%         3
 Dazzling Flash           Conj/Hex       0%         N/A       86%         3
 Ignite Poison            Fire/Tmut/Pois 0%         N/A       86%         3
 Mephitic Cloud           Conj/Pois/Air  0%         N/A       86%         3
 Stone Arrow              Conj/Erth      0%         3d7       86%         3
 Tukima's Dance           Hex            0%         N/A       86%         3
 Olgreb's Toxic Radiance  Pois           0%         N/A       99%         4
 Hydra Form               Tmut           0%         N/A       100%        5
 Summon Forest            Summ/Tloc      0%         N/A       100%        5
 Eringya's Noxious Bog    Tmut/Pois      0%         N/A       100%        6
 Summon Hydra             Summ           0%         N/A       100%        7


Dungeon Overview and Level Annotations

Branches:
Dungeon (5/15)             Temple (1/1) D:4

Altars:
Gozag
Wu Jian
Yredelemnul


Message History

You are no longer poisoned.
You block the scorpion's attack. The scorpion stings you.
There is a stone staircase leading up here.
The scorpion stings you but does no damage.
You climb upwards.
There is a stone staircase leading down here.
You closely miss the scorpion. You block the scorpion's attack.
You barely miss the scorpion.
The scorpion stings you but does no damage.
You block the scorpion's attack.
You hit the scorpion but do no damage. The scorpion barely misses you.
You hit the scorpion but do no damage. You block the scorpion's attack.
You slash the scorpion!
The scorpion is heavily wounded.
The scorpion stings you but does no damage.
The scorpion stings you.
You hit the scorpion.
The scorpion is severely wounded.
You block the scorpion's attack.
You hit the scorpion but do no damage.
The scorpion is severely wounded.
You block the scorpion's attack.
You barely miss the scorpion.
The scorpion is severely wounded.
The scorpion stings you. The scorpion stings you!
* * * LOW HITPOINT WARNING * * *
You are poisoned.
The scorpion poisons you!
You barely miss the scorpion.
The scorpion is severely wounded.
* * * LOW HITPOINT WARNING * * *
You feel very sick. The scorpion stings you.
* * * LOW HITPOINT WARNING * * *
You are more poisoned.
The scorpion poisons you!
It was a potion of attraction.
You feel attractive to monsters.
You die...

###..#.#....#.#............####
.....#.#....#......#.#........#
............)........#........#
####.#.#.#..##................#
.........#..##...#####........#
######.#.#..##...# #........#
##.###.#.#.......#####........###
.......#.#..###.......รท..........
##.###.........s@#####...........
##.###..##(####### ######......
........##.# #...... ##......##.#
####### #.###.###.# ##.#.#.# #.#
.......# #.# ##...### #.# ####.#
#.#


You could see a scorpion.

Vanquished Creatures
  Eustachio (D:4)
  A phantom (D:4)
  A scorpion (D:4)
  A hound (D:4)
  A jelly (D:3)
  An orc priest (D:4)
  3 orc wizards
  7 adders
  An ufetubus (D:4)
  A worm (D:2)
  2 dart slugs (D:2)
  6 orcs
  8 endoplasms
  4 giant cockroaches
  6 goblins
  5 hobgoblins
  7 jackals
  6 kobolds
  2 quokkas (D:2)
  3 ball pythons
  4 bats
  5 frilled lizards
  3 rats (D:3)
79 creatures vanquished.

Vanquished Creatures (others)
  5 fungi (D:4)
  3 toadstools (D:4)
8 creatures vanquished.

Grand Total: 87 creatures vanquished

Notes
Turn   | Place    | Note
-------+----------+-------------------------------------------
     0 | Abyss:1  | bisexualwizard the Hill Orc Abyssal Knight began the quest
                  | for the Orb.
     0 | Abyss:1  | Reached XP level 1. HP: 19/19 MP: 2/2
    56 | Abyss:1  | Noticed a wretched star
    57 | D:1      | Escaped the Abyss
    95 | D:1      | Reached * piety under Lugonu
   266 | D:1      | Reached XP level 2. HP: 22/27 MP: 3/3
   516 | D:1      | Reached skill level 3 in Axes
   646 | D:1      | Found a faded altar of an unknown god.
  1355 | D:2      | Reached XP level 3. HP: 33/33 MP: 4/4
  1364 | D:2      | Reached skill level 4 in Axes
  2277 | D:2      | Reached XP level 4. HP: 35/40 MP: 5/5
  2448 | D:2      | Reached skill level 5 in Axes
  3225 | D:3      | Reached skill level 6 in Axes
  3225 | D:3      | Reached XP level 5. HP: 41/46 MP: 5/7
  3233 | D:3      | Reached ** piety under Lugonu
  3648 | D:4      | Learned a level 2 spell: Corpse Rot
  3655 | D:4      | Noticed Eustachio
  3678 | D:4      | Found a staircase to the Ecumenical Temple.
  3687 | Temple   | Entered the Ecumenical Temple
  3726 | D:4      | Killed Eustachio
  3727 | D:4      | Reached skill level 7 in Axes
  3727 | D:4      | Reached XP level 6. HP: 38/52 MP: 6/8
  4129 | D:4      | Reached skill level 8 in Axes
  4391 | D:4      | Reached XP level 7. HP: 32/58 MP: 9/9
  4740 | D:4      | HP: 2/58 [poisoned by a scorpion]
  5271 | D:4      | Found an ornate altar of the Wu Jian Council.
  5275 | D:4      | Found a basalt altar of Yredelemnul.
  5275 | D:4      | Found an opulent altar of Gozag.
  5595 | D:5      | Entered Level 5 of the Dungeon
  5675 | D:4      | Succumbed to a scorpion's poison

Illustrated notes

Levels and vault maps discovered:
D:1:      erik_arrival_cave_to_civilisation [erik_arrival_cave_to_hall],
          layout_basic, hellmonk_ecumenical_altar_slurped_away
D:2:      minmay_angry_zag, layout_basic
D:3:      layout_basic
D:4:      layout_basic, minitemple, minmay_temple_entry_waves,
          minmay_gold_behind_fungi, uniq_eustachio
D:5:      layout_basic
Temple:   regret_index_temple_sphere_string

Skill      XL: |  1  2  3  4  5  6  7 |
---------------+----------------------+-----
Axes           | 3 4 6 7 8 |  8.9
Armour         | 3 4 |  4.0
Invocations    | 3 |  3.9
Fighting       | |  3.7
Dodging        | |  0.7
Stealth        | |  0.1

Action                   |  1- 3 |  4- 6 |  7- 9 || total
-------------------------+-------+-------+-------++-------
Melee: Hand axe          |    86 |    29 |       ||   115
       War axe           |       |   123 |    45 ||   168
Invok: Depart the Abyss  |     1 |       |       ||     1
       Bend Space        |       |     1 |       ||     1
  Use: Scroll            |       |     6 |       ||     6
       Potion            |       |     1 |     4 ||     5
Armor: Leather armour    |    19 |       |       ||    19
       Ring mail         |    12 |    60 |    10 ||    82
       Skin              |       |       |     3 ||     3
Dodge: Dodged            |    45 |   106 |    15 ||   166
Block: Other             |     2 |    55 |    15 ||    72
       Reflection        |       |     3 |       ||     3

Table legend: (Time is in decaauts)
 A = Elapsed time spent in this place.
 B = Non-inter-level travel time spent in this place.
 C = Inter-level travel time spent in this place.
 D = Time resting spent in this place.
 E = Time spent auto-exploring this place.
 F = Levels seen in this place.
 G = Mean time per level.
                   A        B        C        D        E       F      G
               +--------+--------+--------+--------+--------+-----+--------+
         Total |   5724 |   5583 |    141 |   1489 |   3389 |   7 |  817.7 |
       Dungeon |   5640 |   5499 |    141 |   1464 |   3333 |   5 | 1128.0 |
        Temple |     26 |     26 |      0 |     25 |      0 |   1 |   26.0 |
         Abyss |     57 |     57 |      0 |      0 |     56 |   1 |   57.0 |
               +--------+--------+--------+--------+--------+-----+--------+

Top non-repeatable levels by time:
     D:4: 1868 daAuts
     D:2: 1649 daAuts
     D:1: 1218 daAuts
     D:3: 834 daAuts
     D:5: 69 daAuts
 Abyss:1: 57 daAuts
  Temple: 26 daAuts
